Map: Thunderbird LE

Players

sergeyvbo - Winner!

  • Race: Protoss Protoss
  • League: Gold
  • Spawn Location: 5:00

TorroxMorrox

  • Race: Protoss Protoss
  • League: Platinum
  • Spawn Location: 11:00

VOD

Have the link to the VOD?

Description

Time

  • Played on: June 8, 2019, 4:47 a.m.
  • Length: 7:27
Show
View Real Time Build Order
Export as new Build Order

sergeyvbo Protoss - Winner!

Build Orders:  

Get SALT Encoding   

  12  0:01  Probe  
  13  0:13  Probe  
  14  0:16  Pylon  
  14  0:22  Probe  
  15  0:30  Probe  
  16  0:38  Gateway  
  16  0:44  Probe  
  16  0:49  Assimilator  
  17  0:54  Assimilator  
  17  1:18  Probe  
  17  1:23  Gateway  
  18  1:27  Gateway  
  18  2:00  Nexus  
  18  2:15  Pylon  
  18  2:28  Cybernetics Core  
  18  3:06  Shield Battery  
  18  3:09  Stargate  
  18  3:15  Assimilator  
  16  3:59  Stargate  
  16  4:26  Probe  
  19  4:31  Nexus  
  17  4:46  Void Ray  
  21  5:12  Unknown  
  21  5:14  Unknown  
  21  5:56  Void Ray  
  21  5:59  Void Ray  
  29  6:37  Void Ray  
Show
View Real Time Build Order
Export as new Build Order

TorroxMorrox Protoss 

Build Orders: Cannon Rush 

Get SALT Encoding   

  12  0:00  Probe  
  13  0:14  Probe  
  13  0:15  Pylon  
  14  0:33  Forge  
  14  0:53  Pylon  
  14  1:15  Pylon  
  14  1:26  Photon Cannon  
  13  1:36  Photon Cannon  
  13  1:38  Photon Cannon  
  13  1:44  Pylon  
  13  2:06  Photon Cannon  
  13  2:07  Photon Cannon  
  13  2:18  Pylon  
  13  2:23  Probe  
  14  2:37  Photon Cannon  
  14  2:46  Photon Cannon  
  14  2:50  Probe  
  15  2:58  Probe  
  16  3:08  Probe  
  17  3:20  Assimilator, Probe  
  17  3:26  Pylon  
  18  3:32  Probe  
  19  3:41  Probe  
  20  3:49  Probe  
  20  3:52  Gateway  
  21  3:59  Probe  
  22  4:09  Assimilator  
  22  4:11  Probe  
  23  4:20  Gateway  
  23  4:23  Probe  
  24  4:43  Cybernetics Core  
  24  4:48  Pylon  
  24  4:53  Probe  
  25  5:08  Photon Cannon  
  25  5:10  Photon Cannon  
  25  5:12  Warp Gate  
  25  5:14  Pylon  
  25  5:19  Stalker  
  29  5:33  Stalker  
  29  5:36  Photon Cannon  
  29  5:39  Photon Cannon  
  29  5:44  Pylon  
  29  5:46  Pylon  
  29  5:59  Stalker  
  24  6:30  Stalker x2  
  25  6:43  Probe  
  22  6:51  Probe  
  22  6:59  Gateway  
  22  7:01  Gateway, Probe  
  22  7:13  Probe  
Tags
 
Matchup
ПvП
Spawn Locations
Cross Positions
Add a new tag
Caveats
  • Supply blocks, unpowered buildings, or Contaminate may cause inaccurate times.
  • Supply counts are checked every 10 seconds.